 Dungeon Crawl Stone Soup version 0.29-a0-653-gd47aff6735 (webtiles) character file.

Game seed: 6060146395523033977

7410 zeratav the Quickloader (level 10, -6/44 HPs)
             Began as a Spriggan Arcane Marksman on June 21, 2022.
             Was an Initiate of Dithmenos.
             Mangled by a boulder beetle (50 damage)
             ... on level 9 of the Dungeon.
             The game lasted 00:17:18 (9054 turns).

zeratav the Quickloader (Spriggan Arcane Marksman)  Turns: 9054, Time: 00:17:19

Health: -6/44      AC:  3    Str:  6    XL:     10   Next: 92%
Magic:  13/13      EV: 19    Int: 15    God:    Dithmenos [......]
Gold:   324        SH:  0    Dex: 29    Spells: 10/11 levels left

rFire   . . .      SeeInvis +   p - +8 arbalest "Impbane" {venom, Dex+3, crossbow}
rCold   . . .      Faith    .   (shield currently unavailable)
rNeg    . . .      Spirit   .   b - +0 robe
rPois   .          Reflect  .   o - +0 hat
rElec   .          Harm     .   l - +0 cloak
rCorr   .          Rampage  .   (gloves unavailable)
Will    +....                   (boots unavailable)
Stlth   ++........              (no amulet)
HPRegen 0.14/turn               M - +6 ring of dexterity
MPRegen 0.13/turn               (no ring)

@: very quick
A: very small, no large weapons, unfitting armour, see invisible, speed 3
a: Renounce Religion


You were on level 9 of the Dungeon.
You worshipped Dithmenos.
Dithmenos was noncommittal.
You visited 2 branches of the dungeon, and saw 10 of its levels.

You collected 561 gold pieces.
You spent 237 gold pieces at shops.


Innate Abilities, Weirdness & Mutations

You are very small and have problems with some larger weapons.
You are too small for most types of armour.
You have supernaturally acute eyesight. (SInv)
You cover ground extremely quickly. (Speed+++)


   Skills:
 - Level 0.7 Fighting
 - Level 10.0 Bows
 + Level 14.6 Crossbows
 - Level 2.6 Dodging
 - Level 1.3 Spellcasting
 - Level 3.6 Hexes


You had 10 spell levels left.
You knew the following spells:

 Your Spells              Type           Power      Damage    Failure   Level
a - Slow                  Hex            44%        N/A       5%          1

Your spell library contained the following spells:

 Spells                   Type           Power      Damage    Failure   Level
 Apportation              Tloc           2%         N/A       24%         1
 Beastly Appendage        Tmut           2%         N/A       24%         1
 Poisonous Vapours        Pois/Air       2%         N/A       34%         2
 Wereblood                Tmut           1%         N/A       34%         2
 Inner Flame              Hex/Fire       6%         N/A       34%         3
 Portal Projectile        Hex/Tloc       12%        N/A       34%         3
 Cause Fear               Hex            5%         N/A       47%         4
 Spider Form              Tmut/Pois      1%         N/A       56%         3
 Corpse Rot               Necr/Pois/Air  1%         N/A       93%         4
 Alistair's Intoxication  Tmut/Pois      0%         N/A       100%        5
 Fireball                 Conj/Fire      0%         3d3       100%        5
 Starburst                Conj/Fire      0%         6d3       100%        6
 Ignition                 Fire           0%         3d3       100%        8

Inventory:

Hand Weapons
 a - a +0 shortbow {bow}
 p - the +8 arbalest "Impbane" (weapon) {venom, Dex+3, crossbow}
   (You bought it in a shop on level 3 of the Dungeon)

   Any ammunition fired from it poisons the flesh of those it strikes.
   Dex:       It affects your dexterity (+3).
 G - a +4 dagger of venom {short}
   (You took it off Dowan on level 6 of the Dungeon)
Armour
 b - a +0 robe (worn)
 l - a +0 cloak (worn)
   (You took it off Crazy Yiuf on level 2 of the Dungeon)
 o - a +0 hat (worn)
   (You found it on level 4 of the Dungeon)
 O - +0 acid dragon scales
   (You found it on level 9 of the Dungeon)
Jewellery
 e - an amulet of faith {!P}
   (You found it on level 4 of the Dungeon)
 y - a ring of positive energy
   (You found it on level 5 of the Dungeon)
 D - a ring of protection from cold
   (You found it on level 6 of the Dungeon)
 L - a ring of protection from fire
   (You found it on level 8 of the Dungeon)
 M - a +6 ring of dexterity (left hand)
   (You found it on level 8 of the Dungeon)
Wands
 H - a wand of flame (35)
   (You found it on level 7 of the Dungeon)
 I - a wand of light (6)
   (You found it on level 7 of the Dungeon)
 N - a wand of iceblast (7)
   (You took it off Maurice on level 8 of the Dungeon)
Scrolls
 c - a scroll of vulnerability {!r!r}
 i - a scroll of amnesia
 k - 2 scrolls of immolation {!r!r}
 m - a scroll of fog
 n - a scroll of silence {unknown}
 s - 2 scrolls of poison {unknown}
 u - 2 scrolls of teleportation {unknown}
 B - a scroll of enchant armour {unknown}
 C - 2 scrolls of blinking {unknown}
 E - 6 scrolls of identify {@r1}
Potions
 d - 2 potions of lignification {unknown}
 f - a potion of degeneration {unknown}
 g - 2 potions of magic {unknown}
 h - 2 potions of resistance {unknown}
 j - 6 potions of curing {@q1}
 q - 4 potions of attraction {unknown}
 r - 5 potions of haste {unknown}
 t - 3 potions of mutation {unknown}
 v - a potion of heal wounds {@q2}
 x - a potion of invisibility {unknown}
 z - a potion of berserk rage {unknown}
 A - 3 potions of flight {unknown}
 F - 3 potions of might {unknown}
 J - 3 potions of cancellation {unknown}
 K - a potion of brilliance {unknown}
Miscellaneous
 w - a lightning rod (4/4)
   (You found it on level 4 of the Dungeon)

Dungeon Overview and Level Annotations

Branches:
Dungeon (9/15) Zot: 26405  Temple (1/1) D:7 Zot: 5889    Lair (0/6) D:8
    Orc: D:9-12

Altars:
Ashenzari
Cheibriados
Dithmenos
Elyvilon
Fedhas
Hepliaklqana
Kikubaaqudgha
Makhleb
Okawaru
Qazlal
Ru
Sif Muna
Trog
Uskayaw
Vehumet
Wu Jian
Xom
Yredelemnul
Zin
The Shining One

Shops:
D:3 (((   D:9 :

Annotations:
D:7 2 transporters, chrisa4242's ghost, novice GrBe

### ################### #..
.......^.'........# #..
.........#........# #..
###########.......######## #..
..##.....##..............# #..
..#......##..#..#####.##.######..
..+......##.....@B°...........#..
.###.##..##.#######°..#######.#..
.###.##.>##.#♣♣...♣°..♣.[.♣♣#.#..
.....#...##.#♣..♣..°#...♣..♣#.#..
.....#...#..#.♣♣♣♣♣#°#♣♣♣♣♣.#.'..
.....#...#..#♣.[♣...#B..♣..♣#.#..
.....#...'..#♣♣)..♣..°♣...♣♣#.#..
.###+###'#..########○###### #.#..
###.........#...°°○°.# #....


You could see a boulder beetle (rolling, poisoned).


Message History

You open the door.
A centaur comes into view.
You shoot a bolt. The bolt hits the centaur!!
You kill the centaur!
Dithmenos accepts your kill.
There is an open door here.
Things that are here:
a +0 shortbow {bow}; a centaur corpse
Things that are here:
a +0 shortbow {bow}; a centaur corpse You open the door.
There is an open door here.
You open the door. You open the door.
There is an open door here.
You open the door.
There is an open door here.
There is an open door here.
You open the door.
There is an open door here.
You open the door.
There is an open door here.
You now have 324 gold pieces (gained 14).
As you open the door, it creaks loudly!
You see here 4 stones {throwing}.
There is an open door here.
There is an open door here.
You open the door.
An orc wizard and a wyvern come into view.
The wyvern hisses angrily.
The orc wizard shouts!
A shadow comes into view.
You shoot a bolt. The bolt hits the orc wizard!
The orc wizard looks as sick as possible!
The orc wizard points at you and mumbles some strange words.
The magic dart hits you!
A boulder beetle comes into view.
HP[-7]
You take 7 damage, and now have 37/44 hp.
You shoot a bolt. The bolt hits the orc wizard!
You kill the orc wizard!
Dithmenos accepts your kill.
The boulder beetle leaps!
You shoot a bolt. The bolt hits the wyvern!
The wyvern is poisoned.
The wyvern misses you. The wyvern bites you!
HP[-7]
You take 7 damage, and now have 30/44 hp.
You are too injured to fight recklessly!
HP[+1] HP[+1]
You are too injured to fight recklessly!
Shoot: p) +8 arbalest "Impbane" {venom, Dex+3, crossbow}
Press: ? - help, Q - select action, (/) - cycle Shift-Dir - straight line, f/p - wyvern
Aim: a wyvern (almost dead, very poisoned, 75% to hit)
You shoot a bolt. The bolt barely misses the wyvern.
The wyvern completely misses you.
Shoot: p) +8 arbalest "Impbane" {venom, Dex+3, crossbow}
Press: ? - help, Q - select action, (/) - cycle Shift-Dir - straight line, f/p - wyvern
Aim: a wyvern (almost dead, very poisoned, 75% to hit)
You shoot a bolt. The bolt barely misses the wyvern.
The wyvern closely misses you.
Shoot: p) +8 arbalest "Impbane" {venom, Dex+3, crossbow}
Press: ? - help, Q - select action, (/) - cycle Shift-Dir - straight line, f/p - wyvern
Aim: a wyvern (almost dead, poisoned, 75% to hit)
You shoot a bolt. The bolt hits the wyvern!!
You kill the wyvern!
Dithmenos accepts your kill.
You start resting.
A shadow is nearby!
HP[+1]
There is an open door here.
HP[+1] Shoot: p) +8 arbalest "Impbane" {venom, Dex+3, crossbow}
Press: ? - help, Q - select action, (/) - cycle Shift-Dir - straight line, f - shadow
Aim: a shadow (75% to hit)
You shoot a bolt. The bolt hits the shadow!
Shoot: p) +8 arbalest "Impbane" {venom, Dex+3, crossbow}
Press: ? - help, Q - select action, (/) - cycle Shift-Dir - straight line, f/p - shadow
Aim: a shadow (severely damaged, 75% to hit)
You shoot a bolt. The bolt hits the shadow!
You destroy the shadow!
Dithmenos accepts your kill.
Shoot: p) +8 arbalest "Impbane" {venom, Dex+3, crossbow}
Press: ? - help, Q - select action, (/) - cycle Shift-Dir - straight line, f - you That would be overly suicidal.
Okay, then.
You start resting.
HP[+10]
Your hp is fully restored (44).
There is an open door here.
Shoot: p) +8 arbalest "Impbane" {venom, Dex+3, crossbow}
Press: ? - help, Q - select action, (/) - cycle Shift-Dir - straight line, f - boulder beetle
Aim: a boulder beetle (wandering, hasn't noticed you, 93% to hit)
You shoot a bolt.
The bolt hits the boulder beetle but does no damage.
The boulder beetle is poisoned.
The boulder beetle curls into a ball and begins rolling!
The boulder beetle attacks as you move away!
The boulder beetle hits you!!!
Ouch! That really hurt!
You die...

Skill      XL: |  1  2  3  4  5  6  7  8  9 10 |
---------------+-------------------------------+-----
Bows           | 3 4 5 6 7 9 10 | 10.0
Crossbows      | 1 4 8 11 14 | 14.6
Fighting       | |  0.7
Dodging        | |  2.6
Spellcasting   | |  1.3
Hexes          | |  3.6

Action                   |  1- 3 |  4- 6 |  7- 9 | 10-12 || total
-------------------------+-------+-------+-------+-------++-------
 Fire: Shortbow          |    78 |   184 |       |       ||   262
       Arbalest          |       |    10 |   170 |   103 ||   283
 Cast: Slow              |     1 |     4 |    10 |     7 ||    22
  Use: Scroll            |       |     3 |       |       ||     3
       Potion            |       |       |       |     1 ||     1
Armor: Robe              |       |     4 |     2 |     3 ||     9
Dodge: Dodged            |    19 |    41 |    22 |    35 ||   117

Levels and vault maps discovered:
D:1:      amcnicky_arrival_gap_in_the_tavern_cellar, layout_basic
D:2:      layout_loops_ring, dreamdust_ecumenical_altar_sealed_demon,
          cheibrodos_gnoll_hut, uniq_crazy_yiuf_cottage, uniq_jessica,
          uniq_natasha
D:3:      layout_loops_ring, mainiacjoe_overflow_alcove_1,
          lemuel_zombie_altar_yredelemnul, serial_shops, shop, shop,
          nicolae_shop_stone
D:4:      layout_gridville, ebering_ghost_disaster_area
D:5:      layout_loops_cross, nicolae_qazlal_style_of_elements, fountainhead,
          hangedman_abyss_or_decor_jellyfish_corner
D:6:      layout_basic, minmay_misc_feat_enclosed, uniq_grinder,
          uniq_prince_ribbit1, uniq_duvessa, uniq_edmund
D:7:      layout_rooms, minmay_temple_entry_drinking_statues,
          gammafunk_ghost_wrathful_warriors, minmay_joined_circles, uniq_pikel
D:8:      layout_loops_cross, minmay_lair_entry_grove, uniq_maurice
D:9:      nzn_winding_woodlands_small [nzn_winding_woodlands_5x15_lazy_stream,
          nzn_winding_woodlands_center_lodge, nzn_winding_woodlands_5x15_twine],
          layout_gridville, grunt_dithmenos_smoke, lemuel_round_altar,
          serial_shops, nicolae_diamond_shop
Temple:   nicolae_temple_elliptical

Notes
Turn   | Place    | Note
-------+----------+-------------------------------------------
     0 | D:1      | zeratav the Spriggan Arcane Marksman began the quest for
                  | the Orb.
     0 | D:1      | Reached XP level 1. HP: 9/9 MP: 3/3
     0 | D:1      | magus.rc [v1.9.6]
    50 | D:1      | Reached skill level 3 in Bows
    77 | D:1      | Reached XP level 2. HP: 14/14 MP: 5/5
   376 | D:2      | Reached skill level 4 in Bows
   399 | D:2      | HP: 3/14 [worm (11)]
   895 | D:2      | Reached XP level 3. HP: 15/17 MP: 6/6
   947 | D:2      | Noticed Natasha
   949 | D:2      | Killed Natasha
   950 | D:2      | Reached skill level 5 in Bows
  1157 | D:2      | Noticed Jessica
  1166 | D:2      | Killed Jessica
  1167 | D:2      | Reached XP level 4. HP: 21/21 MP: 7/7
  1416 | D:2      | Noticed an orange demon
  1417 | D:2      | Found a faded altar of an unknown god.
  1417 | D:2      | Noticed Natasha
  1422 | D:2      | Killed Natasha
  1423 | D:2      | Reached skill level 6 in Bows
  1585 | D:2      | Found a runed translucent door.
  1586 | D:2      | Noticed Crazy Yiuf
  1818 | D:2      | Killed Crazy Yiuf
  1819 | D:2      | Reached XP level 5. HP: 25/25 MP: 8/8
  2153 | D:3      | Found Jiosuom's Antique Weapon Shoppe.
  2166 | D:3      | Found Cube Dut's Weapon Shop.
  2355 | D:3      | Reached skill level 7 in Bows
  2632 | D:3      | Found Kiarour's Antique Weapon Boutique.
  2653 | D:3      | Found a hazy altar of Hepliaklqana.
  2916 | D:3      | Reached XP level 6. HP: 25/29 MP: 9/9
  3094 | D:3      | Reached skill level 8 in Bows
  3102 | D:3      | Found a basalt altar of Yredelemnul.
  3363 | D:4      | Reached skill level 9 in Bows
  3594 | D:3      | Bought an iridescent arbalest for 237 gold pieces
  3594 | D:3      | Identified the +8 arbalest "Impbane" {venom, Dex+3} (You
                  | bought it in a shop on level 3 of the Dungeon)
  3781 | D:4      | Reached skill level 1 in Crossbows
  3781 | D:4      | Reached XP level 7. HP: 32/32 MP: 10/10
  3796 | D:4      | You pick up a book of Party Tricks and begin reading...
  3796 | D:4      | You add the spells Apportation and Alistair's Intoxication
                  | to your library.
  4101 | D:4      | Found a large runed translucent door.
  4102 | D:4      | Found a large runed translucent door.
  4104 | D:4      | Noticed zeratav's ghost (amateur KoGl)
  4235 | D:4      | Killed zeratav's ghost
  4236 | D:4      | Reached skill level 2 in Crossbows
  4332 | D:5      | Entered Level 5 of the Dungeon
  4647 | D:5      | Reached skill level 3 in Crossbows
  4715 | D:5      | Reached skill level 10 in Bows
  4743 | D:5      | Reached skill level 4 in Crossbows
  4995 | D:5      | Reached XP level 8. HP: 37/37 MP: 11/11
  5010 | D:5      | Found a stormy altar of Qazlal.
  5012 | D:5      | Noticed an air elemental
  5161 | D:6      | Reached skill level 5 in Crossbows
  5174 | D:6      | Noticed Grinder
  5183 | D:6      | Killed Grinder
  5184 | D:6      | Reached skill level 6 in Crossbows
  5324 | D:6      | Noticed Prince Ribbit
  5355 | D:6      | Killed Prince Ribbit
  5356 | D:6      | Reached skill level 7 in Crossbows
  5469 | D:6      | Noticed Duvessa
  5471 | D:6      | Noticed Dowan
  5480 | D:6      | Killed Duvessa
  5485 | D:6      | Killed Dowan
  5505 | D:6      | Reached skill level 8 in Crossbows
  5737 | D:6      | Reached XP level 9. HP: 40/40 MP: 12/12
  5781 | D:6      | Reached skill level 9 in Crossbows
  5962 | D:7      | Noticed Pikel
  6348 | D:6      | Killed Pikel
  6349 | D:6      | Reached skill level 10 in Crossbows
  6544 | D:7      | Found a transporter.
  6556 | D:7      | Found a transporter.
  6574 | D:7      | Noticed chrisa4242's ghost (novice GrBe)
  6575 | D:7      | Found a bloodstained altar of Trog.
  6580 | D:7      | You pick up a book of Changes and begin reading...
  6580 | D:7      | You add the spells Beastly Appendage, Wereblood and Spider
                  | Form to your library.
  6586 | D:7      | Noticed a moth of wrath
  6616 | D:7      | Reached skill level 11 in Crossbows
  6782 | D:7      | You pick up a book of Fire and begin reading...
  6782 | D:7      | You add the spells Fireball, Starburst and Ignition to your
                  | library.
  6829 | D:7      | Found a staircase to the Ecumenical Temple.
  6837 | Temple   | Entered the Ecumenical Temple
  7090 | D:7      | Reached XP level 10. HP: 44/44 MP: 13/13
  7147 | D:7      | Reached skill level 12 in Crossbows
  7167 | D:7      | You pick up a book of Vapours and begin reading...
  7167 | D:7      | You add the spells Poisonous Vapours and Corpse Rot to your
                  | library.
  7432 | D:8      | Reached skill level 13 in Crossbows
  7450 | D:8      | Found a staircase to the Lair.
  7500 | D:8      | HP: 10/44 [poisoned by a water moccasin]
  8245 | D:8      | Noticed Maurice
  8257 | D:8      | Killed Maurice
  8258 | D:8      | Reached skill level 14 in Crossbows
  8308 | D:9      | Found Xohicarunk's Book Emporium.
  8324 | D:9      | Found a shadowy altar of Dithmenos.
  8328 | D:9      | Became a worshipper of Dithmenos the Shadowed
  8898 | D:9      | Noticed a boulder beetle
  9054 | D:9      | Mangled by a boulder beetle

Vanquished Creatures
  Pikel (D:6)
  Maurice (D:8)
  Grinder (D:6)
  Prince Ribbit (D:6)
  A shadow (D:9)
  5 wyverns
  2 steam dragons
  2 acid dragons (D:9)
  8 water moccasins
  Duvessa (D:6)
  4 orc warriors
  2 ice beasts
  2 sky beasts (D:6)
  5 black bears
  An ogre (D:4)
  3 wolves (D:8)
  A centaur (D:9)
  3 lemures
  3 phantoms
  The ghost of zeratav the Sneak, an amateur KoGl (D:4)
  3 bullfrogs (D:7)
  A kobold brigand (D:8)
  A gnoll sergeant (D:7)
  2 scorpions (D:5)
  5 wights (D:6)
  Dowan (D:6)
  5 killer bees
  2 howler monkeys (D:7)
  3 jellies (D:5)
  4 hounds
  Crazy Yiuf (D:2)
  7 orc priests
  Jessica (D:2)
  2 iguanas
  10 orc wizards
  Natasha (twice) (D:2)
  5 adders
  8 gnolls
  A shadow imp (D:7)
  4 white imps
  An ufetubus (D:7)
  2 adder zombies (D:3)
  3 dart slugs
  2 worms (D:2)
  33 orcs
  9 endoplasms
  3 giant cockroaches
  8 goblins
  2 hobgoblins (D:2)
  5 jackals
  3 quokkas
  5 ball pythons
  3 bats
  4 frilled lizards
  8 kobolds
  2 rats
209 creatures vanquished.

Vanquished Creatures (others)
  A demonic plant (D:2)
  5 plants (D:8)
6 creatures vanquished.

Grand Total: 215 creatures vanquished

Table legend:
 A = Non-vault XP
 B = Vault XP
 C = Vault XP percentage of total XP
 D = Non-vault monster count
 E = Vault monster count
 F = Vault count percentage of total count
                 A         B        C        D         E       F
            +---------+---------+-------+---------+---------+-------
      Total |    5812 |    4775 |  45.1 |     163 |      43 |  20.9
            +---------+---------+-------+---------+---------+-------
        D:1 |      28 |       0 |   0.0 |      15 |       0 |   0.0
        D:2 |      67 |     131 |  66.2 |      15 |       6 |  28.6
        D:3 |     214 |      11 |   4.9 |      26 |       2 |   7.1
        D:4 |     424 |     100 |  19.1 |      11 |       1 |   8.3
        D:5 |     453 |       0 |   0.0 |      20 |       0 |   0.0
        D:6 |    1428 |    1342 |  48.4 |      20 |       5 |  20.0
        D:7 |    1658 |     633 |  27.6 |      32 |      13 |  28.9
        D:8 |     739 |    1956 |  72.6 |      11 |      12 |  52.2
        D:9 |     801 |     602 |  42.9 |      13 |       4 |  23.5
            +---------+---------+-------+---------+---------+-------

Illustrated notes

Table legend:
 A = Kills in this place as a percentage of kills in entire the game.
 B = Kills by you in this place as a percentage of kills by you in the entire game.
 C = Kills by friends in this place as a percentage of kills by friends in the entire game.
 D = Other kills in this place as a percentage of other kills in the entire game.
 E = Experience gained in this place as a percentage of experience gained in the entire game.
 F = Experience gained in this place divided by the number of levels of this place that you have seen.
                   A       B       C       D       E      F
               +-------+-------+-------+-------+-------+----------------------
         Total | 100.0 | 100.0 |   N/A |   N/A | 100.0 | 1058.7
       Dungeon | 100.0 | 100.0 |   N/A |   N/A | 100.0 | 1176.3
               +-------+-------+-------+-------+-------+----------------------

Table legend: (Time is in decaauts)
 A = Elapsed time spent in this place.
 B = Non-inter-level travel time spent in this place.
 C = Inter-level travel time spent in this place.
 D = Time resting spent in this place.
 E = Time spent auto-exploring this place.
 F = Levels seen in this place.
 G = Mean time per level.
                   A        B        C        D        E       F      G
               +--------+--------+--------+--------+--------+-----+--------+
         Total |   6695 |   6359 |    336 |   1285 |   3791 |  10 |  669.5 |
       Dungeon |   6585 |   6265 |    320 |   1285 |   3703 |   9 |  731.7 |
        Temple |    110 |     95 |     15 |      0 |     87 |   1 |  110.0 |
               +--------+--------+--------+--------+--------+-----+--------+

Top non-repeatable levels by time:
     D:2: 1305 daAuts
     D:6: 894 daAuts
     D:3: 855 daAuts
     D:4: 820 daAuts
     D:7: 709 daAuts
     D:8: 642 daAuts
     D:9: 594 daAuts
     D:5: 523 daAuts
     D:1: 239 daAuts
  Temple: 110 daAuts
